 Dungeon Crawl Stone Soup version 0.23-a0-373-g305c090 (webtiles) character file.

15 lul123 the Vexing (level 2, 0/19 HPs)
             Began as a Demonspawn Enchanter on Oct 25, 2018.
             Succumbed to an adder's poison
             ... on level 1 of the Dungeon.
             The game lasted 00:01:02 (1113 turns).

lul123 the Vexing (Demonspawn Enchanter)            Turns: 1113, Time: 00:01:03

Health: 0/19       AC:  2    Str:  8    XL:     2   Next: 34%
Magic:  5/5        EV: 15    Int: 16    God:
Gold:   40         SH:  0    Dex: 13    Spells: 4/5 levels left

rFire    . . .     SeeInvis .   a - +1 dagger
rCold    . . .     Gourm    .   (no shield)
rNeg     . . .     Faith    .   b - +0 robe
rPois    .         Spirit   .   (no helmet)
rElec    .         Reflect  .   (no cloak)
rCorr    .         Harm     .   (no gloves)
MR       .....                  (no boots)
Stlth    ++........             (no amulet)
HPRegen  0.06/turn              (no ring)
MPRegen  0.09/turn              (no ring)

@: lethally poisoned (0 -> -6)
A: repulsion field 1
a: no special abilities


You were on level 1 of the Dungeon.
You were hungry.

You visited 1 branch of the dungeon, and saw 2 of its levels.

You collected 40 gold pieces.

Inventory:

Hand Weapons
 a - a +1 dagger (weapon)
Armour
 b - a +0 robe (worn)
Scrolls
 c - a scroll of identify {unknown}
 e - 2 scrolls of remove curse {unknown}
 f - a scroll of magic mapping {unknown}
Comestibles
 d - 2 rations


   Skills:
 - Level 0.8 Short Blades
 + Level 2.6 Dodging
 - Level 2.8 Stealth
 - Level 2.0 Spellcasting
 - Level 3.0 Hexes


You had 4 spell levels left.
You knew the following spells:

 Your Spells              Type           Power        Failure   Level  Hunger
a - Corona                Hex            ##.....      6%          1    #......

Your spell library contained the following spells:

 Spells                   Type           Power        Failure   Level  Hunger
 Ensorcelled Hibernation  Hex/Ice        #.....       17%         2    ###....
 Confuse                  Hex            ##......     19%         3    ###....
 Tukima's Dance           Hex            ##......     19%         3    ###....
 Dazzling Spray           Conj/Hex       #.....       32%         3    ###....


Dungeon Overview and Level Annotations

Branches:
Dungeon (2/15)

Altars:


Innate Abilities, Weirdness & Mutations

You are surrounded by a mild repulsion field. (EV +2)


Message History

You hit the adder.
The adder is heavily wounded.
The adder misses you.
You miss the adder.
The adder is heavily wounded.
The adder bites you.
* * * LOW HITPOINT WARNING * * *
You are lethally poisoned!
The adder poisons you!
You hit the adder.
The adder is severely wounded.
* * * LOW HITPOINT WARNING * * *
You feel sick. The adder closely misses you.
You miss the adder.
The adder is severely wounded.
The adder bites you but does no damage. The adder bites you.
* * * LOW HITPOINT WARNING * * *
You closely miss the adder.
The adder is severely wounded.
You die...

#.# ##.# #.# #.# #.# #.# #.# #.#
#.# #.. #.# ##. #.# #.
######################.### ##
............(...@S.#.....# #
#####.#########.##.#.#.#.# #
......# #...#.#....#.#.########
#####.#####.#.#.#..#.#...........
................######..#'#'#'#'#
#####.######............#.#.#.#.#
#.#...##...#######..#########
#(#...###+## #..#.#†#.#†#
#.#...###.########..#'#'#†#'#


You could see an adder.

Vanquished Creatures
  A leopard gecko (D:1)
  A giant cockroach (D:1)
  2 hobgoblins (D:1)
  2 kobolds (D:1)
  A goblin (D:1)
  9 rats (D:1)
16 creatures vanquished.

Notes
Turn   | Place    | Note
-------+----------+-------------------------------------------
     0 | D:1      | lul123 the Demonspawn Enchanter began the quest for the
                  | Orb.
     0 | D:1      | Reached XP level 1. HP: 13/13 MP: 3/3
   785 | D:1      | Gained mutation: You are surrounded by a mild repulsion
                  | field. (EV +2) [demonic ancestry]
   785 | D:1      | Reached XP level 2. HP: 16/19 MP: 5/5
  1113 | D:1      | Succumbed to an adder's poison

Vault maps used:
D:1:      minmay_arrival_four_circles, minmay_rat_gold_closets
D:2:      bloody_makhleb

Skill      XL: |  1 |
---------------+----+-----
Dodging        | 2 |  2.6
Short Blades   | |  0.8
Stealth        | |  2.8
Spellcasting   | |  2.0
Hexes          | |  3.0

Action                   || total
-------------------------++-------
Melee: Dagger            ||    66
 Stab: Sleeping          ||     7
Armor: Robe              ||     9
Dodge: Dodged            ||    35

Table legend:
 A = Non-vault XP
 B = Vault XP
 C = Vault XP percentage of total XP
 D = Non-vault monster count
 E = Vault monster count
 F = Vault count percentage of total count
                 A         B        C        D         E       F
            +---------+---------+-------+---------+---------+-------
      Total |      13 |       9 |  40.9 |       7 |       9 |  56.2
            +---------+---------+-------+---------+---------+-------
        D:1 |      13 |       9 |  40.9 |       7 |       9 |  56.2
            +---------+---------+-------+---------+---------+-------
